 Dungeon Crawl Stone Soup version 0.30.0-29-ga12c61a403 (webtiles) character file.

Game seed: 17202661915720871905

147 jurchenman the Conjurer (level 5, -6/28 HPs)
             Began as a Deep Elf Conjurer on June 21, 2023.
             Mangled by Crazy Yiuf
             ... wielding a +4 quarterstaff of chaos
              (11 damage)
             ... on level 3 of the Dungeon.
             The game lasted 00:07:22 (3326 turns).

jurchenman the Conjurer (Deep Elf Conjurer)         Turns: 3326, Time: 00:07:23

Health: -6/28      AC:  3    Str:  4    XL:     5   Next: 8%
Magic:  4/14       EV: 13    Int: 25    God:
Gold:   120        SH:  0    Dex: 13    Spells: 7/13 levels left

rFire   + + .        h - +0 dagger (venom)
rCold   + . .        (no shield)
rNeg    . . .        a - +0 robe
rPois   +            (no helmet)
rElec   +            e - +0 cloak
rCorr   +            (no gloves)
SInv    .            (no boots)
Will    .....        (no amulet)
Stlth   ++           j - ring of protection from fire
HPRegen 0.24/turn    (no ring)
MPRegen 0.14/turn

%: no passive effects
@: resistant
A: no striking features
a: no special abilities


You were on level 3 of the Dungeon.
You visited 1 branch of the dungeon, and saw 3 of its levels.

You collected 120 gold pieces.

Inventory:

Hand Weapons
 h - a +0 dagger of venom (weapon)
Armour
 a - a +0 robe (worn)
 e - a +0 cloak (worn)
Jewellery
 j - a ring of protection from fire (left hand)
Scrolls
 f - a scroll of magic mapping
 g - a scroll of fog
 l - a scroll of amnesia {unknown}
 n - a scroll of fear {unknown}
 o - a scroll of poison {unknown}
 p - a scroll of teleportation
 q - a scroll of enchant weapon {unknown}
Potions
 b - a potion of magic
 c - 2 potions of brilliance
 d - 2 potions of curing
 i - a potion of lignification {unknown}
 k - a potion of flight {unknown}
 m - a potion of heal wounds {unknown}


   Skills:
 + Level 4.0 Dodging
 - Level 2.4 Stealth
 + Level 4.6 Spellcasting
 + Level 5.3 Conjurations
 + Level 1.5 Hexes


You had 7 spell levels left.
You knew the following spells:

 Your Spells              Type           Power      Damage    Failure   Level
a - Magic Dart            Conj           100%       1d8       1%          1
b - Searing Ray           Conj           64%        2d6       1%          2
c - Dazzling Flash        Conj/Hex       44%        N/A       6%          3

Your spell library contained the following spells:

 Spells                   Type           Power      Damage    Failure   Level
 Apportation              Tloc           10%        N/A       9%          1
 Necrotise                Necr           20%        1d5       9%          1
 Summon Small Mammal      Summ           20%        N/A       9%          1
 Fulminant Prism          Conj/Hex       11%        3d8       21%         4
 Iskenderun's Mystic Bla  Conj/Tloc      19%        2d6       28%         4


Dungeon Overview and Level Annotations

Branches:
Dungeon (3/15)

Altars:

Annotations:
D:3 Crazy Yiuf


Message History

You see here a +1 heavy mace.
You see here a frilled lizard corpse.
You now have 120 gold pieces (gained 12).
Found a hammer.
Found a runed translucent door.
You open the door.
Casting: Magic Dart (safe; 1% risk of failure)
Confirm with . or Enter, or press ? or * to list all spells.
Aiming: Searing Ray (safe; 1% risk of failure)
Press: ? - help, Shift-Dir - straight line, f - Crazy Yiuf
Aim: Crazy Yiuf, wielding a +4 quarterstaff of chaos and wearing a +0 cloak (83% to hit)
The searing ray hits Crazy Yiuf.
Crazy Yiuf is lightly wounded. (Press . to maintain the ray.) Crazy Yiuf cries, "Hah Hive blue!"
The searing ray hits Crazy Yiuf.
Crazy Yiuf is moderately wounded.
Crazy Yiuf hits you with a +4 quarterstaff of chaos.
You feel your power leaking away.
The searing ray hits Crazy Yiuf.
Crazy Yiuf is moderately wounded.
Crazy Yiuf hits you with a +4 quarterstaff of chaos.
You feel protected.
The searing ray hits Crazy Yiuf!
Crazy Yiuf is severely wounded.
You finish channelling your searing ray.
Crazy Yiuf barely misses you.
Casting: Searing Ray (safe; 1% risk of failure)
Confirm with . or Enter, or press ? or * to list all spells.
Aiming: Searing Ray (safe; 1% risk of failure)
Press: ? - help, Shift-Dir - straight line, f/p - Crazy Yiuf
Aim: Crazy Yiuf, wielding a +4 quarterstaff of chaos and wearing a +0 cloak (severely wounded, 83% to hit)
The searing ray hits Crazy Yiuf.
Crazy Yiuf is almost dead. (Press . to maintain the ray.) Crazy Yiuf hits you with a +4 quarterstaff of chaos!
Ouch! That really hurt!
* * * LOW HITPOINT WARNING * * *
The searing ray misses Crazy Yiuf.
Crazy Yiuf hits you with a +4 quarterstaff of chaos!
You die...

#.#
#.##.....).†..#
###
####.##.#######
####.# #...
##### #....#
#.## #..)#
###### #.##
#...# #.## ...
#.## #g# #.##
##@# #... #.##
#### ##.# #...
#.## #.## ##.##
#.## #...##
#.## #....#
#.## #....#
#... #....#
#...


You could see Crazy Yiuf.

Vanquished Creatures
  A gnoll (D:1)
  2 adders (D:2)
  3 worms
  4 dart slugs
  3 orcs (D:3)
  5 endoplasms
  15 goblins
  8 hobgoblins
  10 jackals
  3 quokkas
  11 ball pythons
  7 bats
  5 frilled lizards
  11 kobolds
  5 rats
  A spectral kobold (D:1)
94 creatures vanquished.

Notes
Turn   | Place    | Note
-------+----------+-------------------------------------------
     0 | D:1      | jurchenman the Deep Elf Conjurer began the quest for the
                  | Orb.
     0 | D:1      | Reached XP level 1. HP: 10/10 MP: 6/6
   103 | D:1      | Found a faded altar of an unknown god.
   270 | D:1      | Reached XP level 2. HP: 15/15 MP: 0/8
   341 | D:1      | Learned a level 2 spell: Searing Ray
   810 | D:1      | Reached XP level 3. HP: 19/19 MP: 8/10
  1239 | D:2      | Reached skill level 5 in Conjurations
  1503 | D:2      | Reached XP level 4. HP: 24/24 MP: 6/12
  1549 | D:2      | Learned a level 3 spell: Dazzling Flash
  2377 | D:3      | Reached skill level 1 in Hexes
  2785 | D:3      | Reached XP level 5. HP: 28/28 MP: 6/13
  3316 | D:3      | Found a runed translucent door.
  3317 | D:3      | Noticed Crazy Yiuf
  3326 | D:3      | Mangled by Crazy Yiuf

Illustrated notes

Levels and vault maps discovered:
D:1:      saegor_arrival_simple_b, layout_loops_cross,
          dreamdust_ecumenical_altar_drowned_temple
D:2:      layout_basic
D:3:      corexii_shack_village, layout_loops_cross, dk_noncrumbling_3,
          saegor_snake_ambush, uniq_robin, uniq_crazy_yiuf_cottage

Skill      XL: |  1  2  3  4 |
---------------+-------------+-----
Dodging        | 3 4 |  4.0
Spellcasting   | 4 |  4.6
Conjurations   | 5 |  5.3
Hexes          | 1 |  1.5
Stealth        | |  2.4

Action                     |  1- 3 |  4- 6 || total
---------------------------+-------+-------++-------
  Melee: Dagger            |     8 |    22 ||    30
   Cast: Magic Dart        |    73 |    62 ||   135
         Searing Ray       |     2 |     5 ||     7
    Use: Scroll            |     5 |     2 ||     7
   Stab: Sleeping          |     1 |     6 ||     7
 Armour: Robe              |     5 |     3 ||     8
  Dodge: Dodged            |    15 |    12 ||    27
